[Event "Titled Tuesday Blitz November 15 Late 2022"]
[White "Andronescu, Madalin"]
[Black "Rodriguez Fontecha, Marcos"]
[WhiteFideId "1217275"]
[BlackFideId "2256576"]
[WhiteElo "1946"]
[BlackElo "2263"]
[Result "1-0"]
[Round "11"]
[TimeControl "180+1"]
[Date "2022.11.16"]
[WhiteClock "0:01:19"]
[BlackClock "0:00:49"]

1. e4 e6 2. d4 d5 3. Nc3 Bb4 4. e5 Ne7 5. Nf3 Bxc3+ 6. bxc3 b6 7. Bd3 Ba6 8. O-O Bxd3 9. Qxd3 Qd7 10. c4 c5 11. cxd5 Qxd5 12. c4 Qd7 13. Qe4 Qc6 14. Qg4 O-O 15. Bg5 Re8 16. Rad1 cxd4 17. Nxd4 Qxc4 18. Bxe7 Rxe7 19. Nf5 Qc7 20. Qxg7# 1-0


[Site "https://www.chess.com"]

[Event "Titled Tuesday Blitz November 15 Late 2022"]
[White "Annaberdiyev, Babageldi"]
[Black "Radovanovic, Dusan"]
[WhiteFideId "14000385"]
[BlackFideId "926868"]
[WhiteElo "2332"]
[BlackElo "2341"]
[Result "1-0"]
[Round "11"]
[TimeControl "180+1"]
[Date "2022.11.16"]
[WhiteClock "0:00:44"]
[BlackClock "0:00:53"]

1. e4 c5 2. Nf3 d6 3. d4 cxd4 4. Nxd4 Nf6 5. Nc3 g6 6. Be3 Bg7 7. f3 O-O 8. Qd2 Nc6 9. Bc4 Bd7 10. O-O-O Rb8 11. h4 b5 12. Bb3 Nxd4 13. Bxd4 a5 14. e5 dxe5 15. Bxe5 Rb7 16. h5 a4 17. Bd5 Rb8 18. hxg6 hxg6 19. Qg5 b4 20. Qh4 Re8 21. Ne4 b3 22. Nxf6+ exf6 23. Qh7+ Kf8 24. Bd6+ Re7 25. Rde1 Be6 26. Rxe6 fxe6 27. Bxe6 Qxd6 28. Qg8# 1-0


[Site "https://www.chess.com"]

[Event "Titled Tuesday Blitz November 15 Late 2022"]
[White "Arbunic Castro, Giovanna"]
[Black "Clawitter, Craig"]
[WhiteFideId "3400549"]
[BlackFideId "2023105"]
[WhiteElo "1963"]
[BlackElo "2233"]
[Result "1-0"]
[Round "11"]
[TimeControl "180+1"]
[Date "2022.11.16"]
[WhiteClock "0:01:27"]
[BlackClock "0:00:01"]

1. e4 e6 2. d4 d5 3. exd5 exd5 4. Nf3 Bd6 5. c4 Nf6 6. Nc3 O-O 7. Bg5 Re8+ 8. Be2 dxc4 9. O-O h6 10. Bh4 g5 11. Bg3 Nc6 12. Bxc4 Bg4 13. h3 Bxf3 14. Qxf3 Nxd4 15. Qxb7 Rb8 16. Qxa7 Nc6 17. Qa4 Bxg3 18. fxg3 Qd6 19. Bb5 Nd4 20. Bxe8 Rxe8 21. Rad1 Qxg3 22. Qxd4 1-0


[Site "https://www.chess.com"]

[Event "Titled Tuesday Blitz November 15 Late 2022"]
[White "Arnold, Ken"]
[Black "Forgacs, Attila Jr."]
[WhiteFideId "2056836"]
[BlackFideId "773654"]
[WhiteElo "2353"]
[BlackElo "2168"]
[Result "0-1"]
[Round "11"]
[TimeControl "180+1"]
[Date "2022.11.16"]
[WhiteClock "0:00:01"]
[BlackClock "0:00:07"]

1. d4 Nf6 2. c4 g6 3. Nc3 d5 4. Nf3 Bg7 5. Bf4 O-O 6. e3 c5 7. Bxb8 Rxb8 8. cxd5 Nxd5 9. Bc4 Nxc3 10. bxc3 b5 11. Be2 b4 12. cxb4 cxb4 13. O-O a5 14. Bc4 Qb6 15. Qb3 Ba6 16. Rfc1 Bxc4 17. Rxc4 Rfc8 18. Rac1 Qa6 19. a3 bxa3 20. Rxc8+ Rxc8 21. Qxa3 e6 22. Rxc8+ Qxc8 23. Qxa5 Qc1+ 24. Qe1 Qc4 25. h4 h5 26. g3 Bf8 27. Kg2 Bb4 28. Qd1 Kg7 29. e4 Bd6 30. Qd2 Bb4 31. Qe3 Bd6 32. Nd2 Qc6 33. Qd3 Kg8 34. d5 exd5 35. Qxd5 Qa6 36. Nc4 Bf8 37. e5 Kg7 38. Nd6 Qa7 39. Ne8+ Kg8 40. e6 fxe6 41. Qxe6+ Qf7 42. Qe4 Be7 43. Nc7 Bxh4 0-1


[Site "https://www.chess.com"]

[Event "Titled Tuesday Blitz November 15 Late 2022"]
[White "Badelka, Olga"]
[Black "Kaplan, Avi Harrison"]
[WhiteFideId "13509926"]
[BlackFideId "30934559"]
[WhiteElo "2337"]
[BlackElo "1983"]
[Result "0-1"]
[Round "11"]
[TimeControl "180+1"]
[Date "2022.11.16"]
[WhiteClock "0:00:01"]
[BlackClock "0:00:35"]

1. d4 Nf6 2. c4 e6 3. Nc3 c5 4. d5 exd5 5. cxd5 d6 6. e4 g6 7. Bb5+ Bd7 8. Bd3 Bg7 9. f4 O-O 10. Nf3 Bg4 11. h3 Bxf3 12. Qxf3 Nbd7 13. O-O a6 14. a4 Qc7 15. Be3 c4 16. Bc2 Nc5 17. e5 Nfd7 18. Ne4 Nxe4 19. Bxe4 dxe5 20. f5 Nc5 21. Rad1 Rad8 22. Bc2 e4 23. Qg4 Nd7 24. d6 Qc6 25. Bxe4 Qxa4 26. fxg6 hxg6 27. Bxg6 fxg6 28. Qe6+ Kh7 29. Bd4 Rxf1+ 30. Rxf1 Bxd4+ 31. Kh1 Bg7 32. Qe7 Rf8 33. Re1 Qc6 34. Re6 Rf2 35. Qh4+ Kg8 36. Qxf2 Qd5 37. Re8+ Nf8 38. Qe3 Qd1+ 0-1


[Site "https://www.chess.com"]

[Event "Titled Tuesday Blitz November 15 Late 2022"]
[White "Barria Zuniga, Daniel"]
[Black "Santos Flores, Alberto"]
[WhiteFideId "3400816"]
[BlackFideId "3601234"]
[WhiteElo "2414"]
[BlackElo "2235"]
[Result "1-0"]
[Round "11"]
[TimeControl "180+1"]
[Date "2022.11.16"]
[WhiteClock "0:00:47"]
[BlackClock "0:00:02"]

1. d4 d5 2. c4 c6 3. Nf3 Nf6 4. Nc3 dxc4 5. a4 Bf5 6. e3 e6 7. Bxc4 Bb4 8. O-O Nbd7 9. Nh4 Bg6 10. Nxg6 hxg6 11. Qf3 O-O 12. Rd1 Qe7 13. Ba2 Rad8 14. e4 e5 15. Be3 exd4 16. Bxd4 Bc5 17. Qe3 Bxd4 18. Rxd4 Nc5 19. Rad1 Rxd4 20. Rxd4 a5 21. e5 Nfd7 22. f4 Ne6 23. Rd6 Rd8 24. Bxe6 fxe6 25. Qd2 Kf7 26. Ne4 Ke8 27. Qxa5 Nf8 28. Qd2 Qc7 29. a5 Rxd6 30. Nxd6+ Ke7 31. Qb4 c5 32. Qxb7 Qxb7 33. Nxb7 Nd7 34. a6 c4 35. a7 Nb6 36. Na5 Na8 37. Nxc4 Kd7 38. Kf2 Kc6 39. Ke3 Kb7 40. Kd4 Kxa7 41. Nd2 Kb7 42. Nf3 1-0


[Site "https://www.chess.com"]

[Event "Titled Tuesday Blitz November 15 Late 2022"]
[White "Buchenau, Frank"]
[Black "D`Arruda, Ricardo D."]
[WhiteFideId "4604350"]
[BlackFideId "100692"]
[WhiteElo "2157"]
[BlackElo "2486"]
[Result "1/2-1/2"]
[Round "11"]
[TimeControl "180+1"]
[Date "2022.11.16"]
[WhiteClock "0:00:08"]
[BlackClock "0:00:16"]

1. e4 c5 2. Nf3 Nc6 3. Bb5 g6 4. Bxc6 dxc6 5. d3 c4 6. d4 Bg7 7. O-O Nf6 8. Qe2 b5 9. a4 a6 10. Bf4 O-O 11. Nc3 Bg4 12. Rfd1 Qb6 13. h3 Bxf3 14. Qxf3 Rfd8 15. Be3 Qc7 16. e5 Nd5 17. Nxd5 cxd5 18. axb5 a5 19. b3 Rab8 20. e6 fxe6 21. Bf4 e5 22. dxe5 Bxe5 23. Bxe5 Qxe5 24. Rxa5 c3 25. b6 e6 26. Ra7 Qf5 27. Qxf5 gxf5 28. Rc7 d4 29. b7 e5 30. f3 e4 31. fxe4 fxe4 32. Kf2 d3 33. cxd3 exd3 34. Rxc3 Rxb7 35. Rcxd3 Rf8+ 36. Kg1 Rf5 37. Rf1 Rfb5 38. Rff3 Kg7 39. Kf2 h6 40. Rg3+ Kf6 41. Rge3 Kf5 42. g4+ Kf4 43. Rd4+ Kg5 44. Rdd3 Kh4 45. Kg2 Rc7 46. Rf3 Rc2+ 47. Rf2 Rc6 48. Kf1 Rcb6 49. Rff3 Rc6 50. Ke2 Rc2+ 51. Rd2 Rc6 52. Rdd3 Rc2+ 53. Rd2 Rc6 54. Kd1 Ra6 55. Rb2 Ra1+ 56. Kc2 Rc5+ 57. Rc3 Re5 58. b4 Rae1 59. b5 R1e2+ 60. Kb1 Rxb2+ 61. Kxb2 Rxb5+ 62. Kc2 Ra5 63. Kd3 Ra2 64. Ke4 Rh2 65. Kf4 Rxh3 66. Rxh3+ Kxh3 67. g5 hxg5+ 68. Kxg5 1/2-1/2


[Site "https://www.chess.com"]

[Event "Titled Tuesday Blitz November 15 Late 2022"]
[White "Chigaev, Maksim"]
[Black "Svane, Frederik"]
[WhiteFideId "4108116"]
[BlackFideId "12923044"]
[WhiteElo "2541"]
[BlackElo "2466"]
[Result "1-0"]
[Round "11"]
[TimeControl "180+1"]
[Date "2022.11.15"]
[WhiteClock "0:00:07"]
[BlackClock "0:00:03"]

1. Nf3 d5 2. c4 e6 3. g3 d4 4. Bg2 Nc6 5. O-O Bc5 6. d3 Nf6 7. Nbd2 a5 8. Nb3 Be7 9. e3 dxe3 10. Bxe3 O-O 11. Bc5 a4 12. Bxe7 Qxe7 13. Nbd2 Rd8 14. Qe2 Qd6 15. d4 Nxd4 16. Nxd4 Qxd4 17. Rad1 Bd7 18. Ne4 Qe5 19. Nxf6+ Qxf6 20. Bxb7 Rab8 21. Be4 g6 22. Rd2 Be8 23. Rfd1 Rxd2 24. Rxd2 Qe5 25. h4 Kg7 26. Bf3 Qxe2 27. Bxe2 Bc6 28. f4 Re8 29. Kf2 e5 30. fxe5 Rxe5 31. Bd3 f5 32. b4 axb3 33. axb3 Ra5 34. b4 Ra3 35. b5 Be8 36. Ke3 Kf6 37. Kd4 h6 38. Re2 Bd7 39. Rb2 g5 40. hxg5+ hxg5 41. c5 Ra4+ 42. Kd5 Ra3 43. Kd4 Ra4+ 44. Kc3 Bc8 45. c6 f4 46. gxf4 gxf4 47. b6 cxb6 48. Rxb6 Ke5 49. Rb8 Be6 50. c7 Ra3+ 51. Kd2 Ra2+ 52. Bc2 f3 53. Re8 Rxc2+ 54. Kxc2 f2 55. Rxe6+ Kxe6 56. c8=Q+ Kf6 57. Qc4 Ke5 58. Qf1 Ke4 59. Kd2 Kd5 60. Qxf2 1-0


[Site "https://www.chess.com"]

[Event "Titled Tuesday Blitz November 15 Late 2022"]
[White "Eljanov, Pavel"]
[Black "Jobava, Baadur"]
[WhiteFideId "14102951"]
[BlackFideId "13601520"]
[WhiteElo "2601"]
[BlackElo "2582"]
[Result "0-1"]
[Round "11"]
[TimeControl "180+1"]
[Date "2022.11.15"]
[WhiteClock "0:00:23"]
[BlackClock "0:00:40"]

1. d4 d5 2. c4 c6 3. Nf3 Nf6 4. e3 Bf5 5. Nc3 e6 6. Nh4 Bg6 7. Nxg6 hxg6 8. Be2 Nbd7 9. g3 g5 10. Qb3 Qb6 11. Qc2 g4 12. Bd2 g6 13. O-O-O Bg7 14. Kb1 O-O-O 15. c5 Qc7 16. b4 e5 17. b5 exd4 18. exd4 Nf8 19. Qa4 Ne6 20. Be3 Kd7 21. Kc2 Ke7 22. Rb1 Bh6 23. bxc6 bxc6 24. Qa6 Bxe3 25. fxe3 Rb8 26. Rxb8 Rxb8 27. Rb1 Rxb1 28. Kxb1 Ng7 29. Bd3 Ne6 30. Kc2 Ng5 31. a3 Nf3 32. Na2 Nd7 33. Nb4 Nb8 34. Qa4 Nxh2 35. e4 dxe4 36. Bxe4 Nf3 37. Kc3 Qxg3 38. Qxa7+ Kf6 39. Nd3 Qg1 40. Qxb8 Qxd4+ 41. Kb3 Qxe4 42. Qf4+ Qxf4 43. Nxf4 Ke5 44. Ng2 f5 45. a4 f4 46. a5 Ke4 47. Kc4 Nd4 0-1


[Site "https://www.chess.com"]

[Event "Titled Tuesday Blitz November 15 Late 2022"]
[White "Estrada Nieto, Julian"]
[Black "Tanenbaum, Zachary"]
[WhiteFideId "5101018"]
[BlackFideId "2060850"]
[WhiteElo "2221"]
[BlackElo "2175"]
[Result "0-1"]
[Round "11"]
[TimeControl "180+1"]
[Date "2022.11.15"]
[WhiteClock "0:00:03"]
[BlackClock "0:00:35"]

1. e4 e5 2. Nf3 Nc6 3. Bb5 a6 4. Ba4 d6 5. Bxc6+ bxc6 6. d4 exd4 7. Qxd4 c5 8. Qd3 Nf6 9. Nc3 Be7 10. e5 dxe5 11. Qxd8+ Bxd8 12. Nxe5 Be7 13. O-O O-O 14. Bg5 Bf5 15. Nc6 Bd6 16. Bxf6 gxf6 17. Nd5 Kg7 18. Ne3 Be4 19. Na5 Rab8 20. Nac4 Rfe8 21. Rad1 Re6 22. f3 Bg6 23. f4 Be4 24. f5 Re7 25. b3 Rd8 26. Rd2 Bb7 27. Rfd1 Rde8 28. Nd5 Re1+ 29. Kf2 Rxd1 30. Rxd1 Be5 31. Nxe5 Rxe5 32. Ne3 Be4 33. g4 Bc6 34. Rd8 Re4 35. Rc8 Rf4+ 36. Ke2 Bf3+ 37. Kd3 Bxg4 38. Rxc7 Bxf5+ 39. Nxf5+ Rxf5 40. Kc4 Rf2 41. c3 Rxh2 42. Rxc5 Rxa2 43. b4 Kg6 44. Rc8 h5 45. Rh8 f5 46. Kc5 f4 47. Rg8+ Kf5 48. Rg7 f6 49. c4 f3 50. Rg1 f2 51. Rf1 Kg4 0-1


[Site "https://www.chess.com"]

[Event "Titled Tuesday Blitz November 15 Late 2022"]
[White "Fedoseev, Vladimir"]
[Black "Tari, Aryan"]
[WhiteFideId "24130737"]
[BlackFideId "1510045"]
[WhiteElo "2726"]
[BlackElo "2612"]
[Result "1-0"]
[Round "11"]
[TimeControl "180+1"]
[Date "2022.11.15"]
[WhiteClock "0:01:57"]
[BlackClock "0:01:02"]

1. e4 c6 2. d4 d5 3. f3 g6 4. e5 c5 5. dxc5 Nc6 6. f4 Nh6 7. Nf3 Bg4 8. c3 e6 9. Be3 Nf5 10. Bf2 Bh6 11. h3 Bxf3 12. Qxf3 O-O 13. g4 Nfe7 14. g5 Bg7 15. h4 d4 16. Nd2 dxc3 17. bxc3 Nd5 18. Ne4 Qa5 19. Bc4 Bxe5 20. fxe5 Nxe5 21. Qe2 Nf4 22. Nf6+ 1-0


[Site "https://www.chess.com"]

[Event "Titled Tuesday Blitz November 15 Late 2022"]
[White "Fernandez Hernandez, Gerardo"]
[Black "Tan, Ralph"]
[WhiteFideId "2207400"]
[BlackFideId "30966590"]
[WhiteElo "2250"]
[BlackElo "2059"]
[Result "0-1"]
[Round "11"]
[TimeControl "180+1"]
[Date "2022.11.16"]
[WhiteClock "0:00:01"]
[BlackClock "0:00:10"]

1. e4 e6 2. d3 d5 3. Nd2 Nf6 4. Ngf3 c5 5. g3 Nc6 6. Bg2 Be7 7. O-O O-O 8. e5 Nd7 9. Re1 b5 10. Nf1 a5 11. h4 a4 12. Bf4 a3 13. b3 Bb7 14. N1h2 c4 15. d4 cxb3 16. cxb3 Bb4 17. Ng5 g6 18. h5 Bxe1 19. hxg6 hxg6 20. Qg4 Kg7 21. Rxe1 Nxd4 22. Qd1 Nf5 23. Nhf3 Rh8 24. Nd4 Nxd4 25. Qxd4 Qb6 26. Qd1 Rac8 27. Qf3 Qd8 28. Bc1 Qe7 29. Bf4 Nc5 30. Qd1 b4 31. Qd4 Nd7 32. Nf3 Qc5 33. Qd2 Qc3 34. Qe2 Qc2 35. Qe3 Qc3 36. Qe2 Bc6 0-1


[Site "https://www.chess.com"]

[Event "Titled Tuesday Blitz November 15 Late 2022"]
[White "Firouzja, Alireza"]
[Black "Bluebaum, Matthias"]
[WhiteFideId "12573981"]
[BlackFideId "24651516"]
[WhiteElo "2903"]
[BlackElo "2633"]
[Result "1-0"]
[Round "11"]
[TimeControl "180+1"]
[Date "2022.11.15"]
[WhiteClock "0:00:16"]
[BlackClock "0:00:01"]

1. e4 e6 2. d4 d5 3. Nc3 Nf6 4. e5 Nfd7 5. Nce2 c5 6. c3 Nc6 7. Nf3 Be7 8. Nf4 cxd4 9. cxd4 Bb4+ 10. Bd2 Qb6 11. a3 Bxd2+ 12. Qxd2 g5 13. Ne2 g4 14. Nh4 Na5 15. Rb1 Nb3 16. Qe3 Nb8 17. Rd1 Nc6 18. h3 h5 19. f3 Bd7 20. hxg4 hxg4 21. fxg4 O-O-O 22. Rh3 Nba5 23. Qc3 Nc4 24. b4 Kb8 25. Nf4 Rc8 26. Nf3 Rxh3 27. gxh3 N6xe5 28. Nxe5 Nxe5 29. Qg3 Ba4 30. Nd3 Bxd1 31. Qxe5+ Ka8 32. Kxd1 Qa6 33. Ke1 Qxa3 34. Be2 a6 35. Kf2 Rc2 36. h4 Qxd3 37. h5 Qh3 38. Qf4 Qh4+ 39. Kf3 Qh1+ 40. Kf2 Qh4+ 41. Kf3 Ka7 42. b5 axb5 43. Qe3 Qh3+ 44. Kf4 Qh2+ 45. Kg5 Qxe2 46. Qa3+ Kb6 47. Qd6+ Rc6 48. Qd8+ Ka7 49. Qa5+ Ra6 50. Qc3 Qc4 51. Qe3 b4 52. h6 e5 53. h7 Rg6+ 54. Kh5 exd4 55. Qe5 Qd3 56. Qh2 Qf3 57. Qh4 Qe4 58. h8=Q Rd6 59. Qf2 Qg6+ 60. Kh4 Rb6 61. Qhxd4 Qh6+ 62. Kg3 Qd6+ 63. Kg2 b3 64. Qa4+ Kb8 65. Qxf7 b2 66. Qfe8+ Kc7 67. Qaa8 Rc6 68. Qa5+ Rb6 69. Qf7+ Kb8 70. Qg8+ Kc7 71. Qg7+ Kb8 72. Qh8+ Kc7 73. Qxb2 d4 74. Qc2+ Kd7 75. Qaf5+ Ke7 76. Qg5+ Kd7 77. Qh7+ Kc6 78. Qgg6 Rb2+ 79. Kf1 Rb1+ 80. Kf2 Rb2+ 81. Ke1 Qxg6 82. Qxg6+ Kd5 83. Qd3 b5 84. g5 b4 85. g6 b3 86. g7 Kc5 87. g8=Q Rc2 88. Qgxb3 Rc1+ 89. Kd2 Rc3 90. Qf5+ Kd6 91. Qbe6+ Kc7 92. Qff7+ Kb8 93. Qb6+ Kc8 94. Qbb7+ Kd8 95. Qbd7# 1-0


[Site "https://www.chess.com"]

[Event "Titled Tuesday Blitz November 15 Late 2022"]
[White "Ghazarian, Kirk"]
[Black "Yanchenko, Roman"]
[WhiteFideId "30908604"]
[BlackFideId "4137329"]
[WhiteElo "2346"]
[BlackElo "2489"]
[Result "0-1"]
[Round "11"]
[TimeControl "180+1"]
[Date "2022.11.15"]
[WhiteClock "0:00:23"]
[BlackClock "0:01:03"]

1. d4 d5 2. Nf3 Bf5 3. c4 c6 4. cxd5 cxd5 5. Nc3 e6 6. Qb3 Qb6 7. Qxb6 axb6 8. e3 f6 9. Bb5+ Nc6 10. O-O Bd6 11. Bd2 Ne7 12. a3 g5 13. b4 Kf7 14. Na4 Bc7 15. Rfc1 h5 16. Nb2 Bd6 17. Na4 Bc7 18. Nb2 Rhc8 19. Be2 g4 20. Ne1 e5 21. dxe5 Bxe5 22. Ra2 Bxb2 23. Rxb2 Rxa3 24. Nc2 Raa8 25. Rd1 Bxc2 26. Rxc2 Ne5 27. Rxc8 Rxc8 28. Rc1 Rxc1+ 29. Bxc1 Nc4 30. h3 f5 31. e4 fxe4 32. hxg4 hxg4 33. Bxg4 Nc6 34. Bc8 Nd6 35. Bd7 Nxb4 36. g4 Nd3 37. Be3 b5 38. g5 b4 39. Bg4 b3 40. Bh5+ Kg8 41. Bd1 b2 42. Bc2 Nc4 43. Bd4 Kf7 44. f3 Ne1 45. Bb1 Nxf3+ 46. Kf2 Nxd4 47. Ke1 Nb5 48. Kd1 Nba3 49. Ba2 b1=Q+ 50. Bxb1 Nxb1 51. Kc2 Nba3+ 52. Kb3 e3 53. Kb4 e2 54. g6+ Kg8 55. Ka4 e1=Q 56. Kb3 b5 57. g7 0-1


[Site "https://www.chess.com"]

[Event "Titled Tuesday Blitz November 15 Late 2022"]
[White "Gonzalez, Francisco Silva"]
[Black "Liu, Kelsey"]
[WhiteFideId "1512285"]
[BlackFideId "30944481"]
[WhiteElo "2159"]
[BlackElo "2299"]
[Result "0-1"]
[Round "11"]
[TimeControl "180+1"]
[Date "2022.11.16"]
[WhiteClock "0:01:03"]
[BlackClock "0:00:11"]

1. d4 Nf6 2. c4 e6 3. Nc3 Bb4 4. a3 Bxc3+ 5. bxc3 Nc6 6. e3 O-O 7. Bd3 e5 8. Ne2 e4 9. Bc2 b6 10. Ng3 Ba6 11. Nxe4 Nxe4 12. Bxe4 Bxc4 13. Bxc6 dxc6 14. f3 c5 15. Kf2 Qe7 16. e4 Rad8 17. Be3 cxd4 18. cxd4 c5 19. Qd2 cxd4 20. Bxd4 Qd7 21. Rhd1 Bb3 22. Qg5 f6 23. Bxf6 Bxd1 24. Rxd1 Rxf6 25. Rxd7 Rxd7 26. e5 Rc6 27. Qf5 Rd2+ 28. Ke3 Rxg2 29. e6 Rc7 30. Qd5 Rc3+ 31. Ke4 Re2+ 32. Kf4 g5+ 33. Kg3 Rc8 34. Qxg5+ Kf8 35. Qf6+ Kg8 36. Qf7+ Kh8 37. Qf6+ Kg8 38. Qg5+ Kh8 39. e7 Rg8 40. Qxg8+ Kxg8 41. f4 Rxe7 42. f5 Kf7 43. f6 Rc7 44. Kf4 Rc3 45. Ke5 Rxa3 46. Kd5 Rf3 47. Kc6 Rxf6+ 48. Kb5 a5 49. Ka4 b5+ 50. Kxb5 Rf5+ 51. Ka4 Kg6 52. h3 Kg5 53. h4+ Kxh4 54. Kb3 Kg4 0-1


[Site "https://www.chess.com"]

[Event "Titled Tuesday Blitz November 15 Late 2022"]
[White "Goryachkina, Aleksandra"]
[Black "Klenburg, Michael"]
[WhiteFideId "4147103"]
[BlackFideId "14102072"]
[WhiteElo "2484"]
[BlackElo "2405"]
[Result "1-0"]
[Round "11"]
[TimeControl "180+1"]
[Date "2022.11.15"]
[WhiteClock "0:00:12"]
[BlackClock "0:00:06"]

1. e4 d6 2. d4 Nf6 3. Nc3 g6 4. Be3 c6 5. Nf3 Bg7 6. Bd3 O-O 7. h3 Qc7 8. O-O Nbd7 9. Ne2 c5 10. c3 b6 11. Ng3 Bb7 12. Qd2 Rfe8 13. Bh6 Bh8 14. Rfe1 e5 15. d5 c4 16. Bc2 b5 17. Qg5 Qd8 18. h4 Nc5 19. Rad1 Bc8 20. Nf5 Bxf5 21. exf5 e4 22. Nd4 Nd3 23. Nc6 Qd7 24. fxg6 fxg6 25. Re2 Qg4 26. Qxg4 Nxg4 27. Bd2 a6 28. b3 Bf6 29. bxc4 bxc4 30. Na5 Ngxf2 31. Rxf2 Nxf2 32. Kxf2 e3+ 33. Bxe3 Bxh4+ 34. Kf3 Rf8+ 35. Ke2 Rae8 36. Rd4 Rf2+ 37. Kd1 Rf1+ 38. Kd2 Be1+ 39. Ke2 Rh1 40. Re4 Rxe4 41. Bxe4 Bxc3 42. Nxc4 Ra1 43. a3 Be5 44. Nxe5 dxe5 45. Bc5 Kf7 46. d6 Ke6 47. Bc6 Ra2+ 48. Ke3 Ra1 49. d7 Rd1 50. Bb6 Ke7 51. d8=Q+ Rxd8 52. Bxd8+ Kxd8 53. Ke4 Kc7 54. Bd5 Kd6 55. Bg8 h6 56. Bf7 g5 57. g4 a5 58. a4 Ke7 59. Bb3 Kd6 60. Bg8 Kc5 61. Be6 Kd6 62. Bc4 Kc5 63. Bb5 Kd6 64. Kf5 Kd5 65. Kg6 e4 66. Kxh6 e3 67. Kxg5 Ke4 68. Kf6 Kf3 69. g5 e2 70. Bxe2+ Kxe2 71. g6 Kd3 72. g7 Kc4 73. g8=Q+ Kb4 74. Qe8 1-0


[Site "https://www.chess.com"]

[Event "Titled Tuesday Blitz November 15 Late 2022"]
[White "Gubajdullin, Alexei"]
[Black "Harshavardhan G B"]
[WhiteFideId "4141202"]
[BlackFideId "25059009"]
[WhiteElo "2230"]
[BlackElo "2333"]
[Result "1-0"]
[Round "11"]
[TimeControl "180+1"]
[Date "2022.11.15"]
[WhiteClock "0:00:13"]
[BlackClock "0:00:01"]

1. Nf3 Nf6 2. d4 g6 3. Bf4 Bg7 4. e3 O-O 5. Be2 d6 6. O-O b6 7. h3 Bb7 8. a4 a5 9. Nc3 Nbd7 10. Nb5 Re8 11. Bh2 c6 12. Na3 d5 13. c4 c5 14. Nb5 Rc8 15. Na7 Ra8 16. Nb5 Rf8 17. Bc7 Qc8 18. Rc1 Bc6 19. Bh2 Qb7 20. cxd5 Nxd5 21. e4 N5f6 22. d5 Bxb5 23. Bxb5 Nxe4 24. Bc6 Qc8 25. Bxa8 Qxa8 26. Re1 Ndf6 27. Qb3 Qb7 28. Ne5 Rd8 29. Rcd1 h5 30. Nc4 Rxd5 31. Qxb6 Qd7 32. Qb3 Qf5 33. Qc2 Rxd1 34. Rxd1 Qe6 35. Nxa5 Nd5 36. Nb3 c4 37. Qxc4 Nef6 38. Nc5 Qb6 39. b4 Nxb4 40. Rd8+ 1-0


[Site "https://www.chess.com"]

[Event "Titled Tuesday Blitz November 15 Late 2022"]
[White "Gurevich, Dmitry"]
[Black "Garcia Pantoja, Roberto"]
[WhiteFideId "2000407"]
[BlackFideId "3509265"]
[WhiteElo "2506"]
[BlackElo "2524"]
[Result "1-0"]
[Round "11"]
[TimeControl "180+1"]
[Date "2022.11.15"]
[WhiteClock "0:00:56"]
[BlackClock "0:00:28"]

1. d4 Nf6 2. c4 g6 3. Nc3 Bg7 4. e4 O-O 5. Nf3 d6 6. Be2 e5 7. O-O Nc6 8. d5 Ne7 9. Ne1 Nd7 10. Be3 f5 11. f3 f4 12. Bf2 g5 13. Nb5 b6 14. b4 Rf6 15. a4 a6 16. Nc3 a5 17. bxa5 Rxa5 18. Nd3 Rh6 19. Nb5 Nf6 20. Be1 Ra8 21. a5 bxa5 22. Rxa5 Rb8 23. Ra7 Bb7 24. Ba5 Ne8 25. c5 Nc8 26. cxd6 Nexd6 27. Bxc7 Qd7 28. Nc5 Qe7 29. Bxb8 Nxb5 30. d6 Ncxd6 31. Nxb7 Nd4 32. Bxd6 Rxd6 33. Bc4+ Kh8 34. Ra8+ Bf8 35. Nxd6 Qxd6 36. Qa4 Kg7 37. Rb1 Be7 38. Ra7 Qc5 39. Rxe7+ Qxe7 40. Qb4 Qd8 41. Qb7+ Kh6 42. Qb6+ 1-0


[Site "https://www.chess.com"]

[Event "Titled Tuesday Blitz November 15 Late 2022"]
[White "Hajiyev, Kanan"]
[Black "Sargsyan, Anna M."]
[WhiteFideId "13404148"]
[BlackFideId "13308130"]
[WhiteElo "2118"]
[BlackElo "2284"]
[Result "0-1"]
[Round "11"]
[TimeControl "180+1"]
[Date "2022.11.16"]
[WhiteClock "0:00:09"]
[BlackClock "0:00:11"]

1. d4 d5 2. Nf3 Nf6 3. c4 c6 4. cxd5 cxd5 5. Nc3 Nc6 6. Bg5 Ne4 7. Bf4 Nxc3 8. bxc3 Bf5 9. e3 e6 10. Qb3 Qc8 11. Bb5 Be7 12. O-O O-O 13. Rfc1 Na5 14. Qd1 a6 15. Be2 b5 16. a4 Nc4 17. axb5 axb5 18. Ne5 Ba3 19. Rcb1 Bxb1 20. Rxb1 Nxe5 21. Bxe5 Qxc3 22. Bxb5 Rfc8 23. h4 Qc2 24. Qf1 Qxb1 25. Qxb1 Rc1+ 26. Qxc1 Bxc1 27. g3 Bd2 28. g4 Ra1+ 29. Bf1 Ra2 30. Bf4 Be1 31. Bg3 f6 32. h5 Kf7 33. Kg2 g6 34. hxg6+ hxg6 35. Kf3 g5 36. Bd3 Rd2 37. Bb1 Rb2 38. Bd3 Ba5 39. Bh2 Rb7 40. Bg1 Bc7 41. Kg2 Rb3 42. Be2 f5 43. gxf5 exf5 44. Bf3 Ke6 45. Bh5 g4 46. Be8 Rb2 47. Kf1 f4 48. exf4 Bxf4 49. Bh5 Kf5 50. Bf7 Ke4 51. Be6 g3 52. fxg3 Bxg3 53. Bg4 Bf4 54. Bh5 Be3 55. Bxe3 Kxe3 56. Bf7 Kxd4 57. Ke1 Ke4 58. Kd1 d4 59. Bg6+ Ke3 60. Bh7 Rh2 61. Bf5 d3 62. Kc1 Rh1+ 63. Kb2 d2 64. Bg4 d1=Q 65. Bxd1 Rxd1 66. Kc3 Rc1+ 67. Kb2 Rc8 68. Kb3 Kd4 69. Kb4 Rb8+ 70. Ka5 Kc4 71. Ka6 Kc5 72. Ka7 Rb1 73. Ka6 Rb2 74. Ka5 Ra2# 0-1


[Site "https://www.chess.com"]

[Event "Titled Tuesday Blitz November 15 Late 2022"]
[White "Haszon, David"]
[Black "Goroshkov, Maksym"]
[WhiteFideId "733610"]
[BlackFideId "14142716"]
[WhiteElo "2211"]
[BlackElo "2257"]
[Result "1-0"]
[Round "11"]
[TimeControl "180+1"]
[Date "2022.11.16"]
[WhiteClock "0:00:16"]
[BlackClock "0:00:45"]

1. e4 e5 2. Nf3 d6 3. d4 Bg4 4. dxe5 Nd7 5. h3 Bh5 6. Be2 Bxf3 7. Bxf3 dxe5 8. Nc3 Ngf6 9. O-O c6 10. Qe2 Be7 11. b3 O-O 12. Bb2 Qc7 13. Rfd1 Rfd8 14. Qe3 Nf8 15. Ne2 Ne6 16. Ng3 Bc5 17. Qe1 g6 18. a3 a5 19. b4 axb4 20. axb4 Bd4 21. c3 Bb6 22. Rxa8 Rxa8 23. Ra1 Rd8 24. Rd1 Nf4 25. Be2 h5 26. Rxd8+ Qxd8 27. Bc4 Nd3 28. Qd2 Bxf2+ 29. Kf1 Bxg3 30. Qxd3 Qxd3+ 31. Bxd3 Bf4 32. Ke2 h4 33. c4 Kf8 34. Kf3 Ke7 35. b5 cxb5 36. cxb5 Nd7 37. Ba3+ Kd8 38. Bc4 f5 39. Bf7 fxe4+ 40. Kxe4 Nf6+ 41. Kf3 g5 42. Be6 e4+ 43. Ke2 Kc7 44. Be7 Nd7 45. Bf5 e3 46. Bb4 Kb6 47. Bxd7 Kc7 48. Bf5 Kb6 49. Bd3 Kc7 50. Bc5 Be5 51. Bxe3 Bf6 52. Kf3 Kd6 53. Kg4 b6 54. Bxg5 Bxg5 55. Kxg5 Ke5 56. Kxh4 Kf4 57. g4 Ke5 58. g5 Ke6 59. Kg4 Ke7 60. Kf4 Kf8 61. h4 Kg8 62. Ke4 Kh8 63. Kd5 Kg8 64. Be2 Kh8 65. Bf1 Kg8 66. Kc6 Kh8 67. Kxb6 Kg8 68. Kc6 Kh8 69. Kd6 Kg8 70. Ke6 Kh8 71. h5 Kg8 72. h6 Kh7 73. Bd3+ Kg8 74. g6 Kf8 75. b6 Ke8 76. b7 Kd8 77. b8=Q# 1-0


[Site "https://www.chess.com"]

[Event "Titled Tuesday Blitz November 15 Late 2022"]
[White "He, Samuel"]
[Black "Souleidis, Georgios"]
[WhiteFideId "2087235"]
[BlackFideId "4206827"]
[WhiteElo "2607"]
[BlackElo "2401"]
[Result "0-1"]
[Round "11"]
[TimeControl "180+1"]
[Date "2022.11.16"]
[WhiteClock "0:00:18"]
[BlackClock "0:00:19"]

1. e4 c5 2. Nc3 e6 3. Nf3 Nc6 4. Bc4 a6 5. a3 Nf6 6. Ba2 d5 7. d3 Be7 8. O-O O-O 9. Re1 b5 10. Bf4 Bb7 11. e5 Nd7 12. Ne2 g5 13. Bg3 g4 14. Nd2 Ndxe5 15. d4 Ng6 16. c3 cxd4 17. Nxd4 Nxd4 18. cxd4 h5 19. h3 h4 20. Qxg4 hxg3 21. Rxe6 gxf2+ 22. Kh1 Kg7 23. Bb1 Bg5 24. Qf5 Rg8 25. Bd3 fxe6 26. Qxg6+ Kf8 27. Qxe6 Qf6 0-1


[Site "https://www.chess.com"]